Map: Arctic Dream LE

Players

qqq

  • Race: Zerg Zerg
  • League: Platinum
  • Spawn Location: 5:00

Massa

  • Race: Terran Terran
  • League: Platinum
  • Spawn Location: 6:00

omma - Winner!

  • Race: Terran Terran
  • Spawn Location: 11:00

Destruct - Winner!

  • Race: Zerg Zerg
  • Spawn Location: 12:00

VOD

Have the link to the VOD?

Description

Time

  • Played on: Nov. 29, 2020, 10:29 a.m.
  • Length: 3:25
Show
View Real Time Build Order
Export as new Build Order

qqq Zerg 

Build Orders: Hatch First 

Get SALT Encoding   

  12  0:01  Drone  
  13  0:08  Drone  
  14  0:30  Overlord  
  14  0:47  Hatchery  
  13  0:51  Drone  
  13  0:53  Drone  
  13  0:56  Drone  
  16  1:13  Spawning Pool  
  15  1:19  Drone  
  15  1:23  Drone  
  17  1:26  Extractor, Drone  
  17  1:55  Drone x2  
  18  2:05  Zergling x2  
  18  2:07  Queen  
  20  2:08  Queen  
  20  2:10  Zergling x2  
  20  2:12  Zergling x2  
  25  2:15  Zergling x2  
  25  2:20  Overlord  
  25  2:35  Zergling x6  
  24  2:49  Zergling x2  
  24  2:50  Zergling x2  
Show
View Real Time Build Order
Export as new Build Order

Massa Terran 

Build Orders:  

Get SALT Encoding   

  12  0:00  SCV  
  13  0:12  SCV  
  14  0:17  Supply Depot  
  14  0:24  SCV  
  15  0:39  SCV  
  15  0:41  Barracks  
  16  0:51  SCV  
  16  0:55  Refinery  
  17  0:57  Refinery  
  17  1:03  SCV  
  18  1:15  SCV  
  19  1:27  SCV  
  19  1:28  Barracks  
  20  1:32  Barracks  
  20  1:34  Reaper  
  21  1:48  Orbital Command  
  21  2:00  Factory  
  21  2:07  Reaper  
  23  2:15  SCV  
  23  2:16  Supply Depot  
  23  2:19  Barracks Tech Lab  
  23  2:39  Marine  
  23  2:40  Marine x2  
  25  2:57  Marine  
  26  3:04  Bunker  
  26  3:07  Marine  
Show
View Real Time Build Order
Export as new Build Order

omma Terran - Winner!

Build Orders:  

Get SALT Encoding   

  12  0:00  SCV  
  13  0:12  SCV  
  14  0:18  Supply Depot  
  14  0:33  SCV  
  15  0:45  SCV  
  16  0:57  SCV  
  16  1:02  Barracks  
  17  1:12  SCV  
  17  1:16  Barracks  
  18  1:20  Barracks  
  18  1:25  SCV  
  19  1:26  Supply Depot  
  19  1:37  SCV  
  19  1:50  Marine  
  20  2:07  Marine  
  20  2:08  Marine  
  22  2:20  SCV  
  22  2:21  Supply Depot  
  23  2:25  Marine x2  
  25  2:32  SCV  
  25  2:33  Marine  
  27  2:43  Marine x2  
  29  2:51  Marine  
  30  3:01  Marine x2  
Show
View Real Time Build Order
Export as new Build Order

Destruct Zerg - Winner!

Build Orders: 1 Base Baneling Bust, Pool Only 

Get SALT Encoding   

  12  0:01  Extractor  
  11  0:22  Spawning Pool  
  11  0:26  Drone  
  11  0:33  Drone  
  12  0:38  Drone  
  13  0:51  Overlord  
  13  1:03  Drone  
  14  1:10  Metabolic Boost  
  14  1:12  Zergling x2  
  15  1:24  Queen  
  17  1:30  Zergling x2  
  18  1:35  Zergling x2  
  18  1:37  Zergling x2  
  20  1:43  Zergling x2  
  21  2:03  Zergling x2  
  21  2:05  Overlord  
  22  2:41  Zergling x12  
  24  3:01  Zergling x2  
  24  3:13  Baneling Nest  
Tags
 
Add a new tag
Caveats
  • Supply blocks, unpowered buildings, or Contaminate may cause inaccurate times.
  • Supply counts are checked every 10 seconds.